 Dungeon Crawl Stone Soup version 0.27.1-33-g824d729ab1 (webtiles) character file.

Game seed: 5902668875107180508

23 lordive the Ruffian (level 2, 0/25 HPs)
             Began as a Naga Transmuter on Dec 27, 2021.
             Slain by a jelly (1 damage)
             ... on level 2 of the Dungeon.
             The game lasted 00:01:27 (1646 turns).

lordive the Ruffian (Naga Transmuter)               Turns: 1646, Time: 00:01:27

Health: 0/25       AC:  3    Str: 12    XL:     2   Next: 95%
Magic:  3/5        EV:  9    Int: 13    God:
Gold:   70         SH:  0    Dex: 11    Spells: 4/5 levels left

rFire    . . .     SeeInvis +     - Unarmed
rCold    . . .     Faith    .   (no shield)
rNeg     . . .     Spirit   .   c - +0 leather armour
rPois    +         Reflect  .   (helmet currently unavailable)
rElec    .         Harm     .   (no cloak)
rCorr    .         Rampage  .   f - +0 pair of gloves
Will     .....                  (no barding)
Stlth    +.........             (no amulet)
HPRegen  0.08/turn              (no ring)
MPRegen  0.09/turn              (no ring)

@: appendages (expiring), very slow
A: horns 2, AC +0, large, see invisible, deformed body, poison resistance,
slowness 2, spit poison 1, naga tail 1
a: Spit Poison, End Transformation


You were on level 2 of the Dungeon.
You had temporarily grown beastly horns.
You visited 1 branch of the dungeon, and saw 2 of its levels.

You collected 70 gold pieces.

Inventory:

Armour
 c - a +0 leather armour (worn)
 e - a +0 helmet (melded)
 f - a +0 pair of gloves (worn)
Scrolls
 a - a scroll of enchant weapon {unknown}
 b - a scroll of fear {unknown}
 g - a scroll of summoning {unknown}
 h - 2 scrolls of identify {unknown}
Potions
 d - a potion of ambrosia {unknown}


   Skills:
 + Level 1.2 Fighting
 + Level 1.8 Dodging
 + Level 3.6 Unarmed Combat
 + Level 2.1 Spellcasting
 + Level 2.0 Transmutations


You had 4 spell levels left.
You knew the following spells:

 Your Spells              Type           Power      Damage    Failure   Level
a - Beastly Appendage     Tmut           12%        N/A       14%         1

Your spell library contained the following spells:

 Spells                   Type           Power      Damage    Failure   Level
 Wereblood                Tmut           6%         N/A       22%         2
 Spider Form              Tmut/Pois      2%         N/A       54%         3
 Ice Form                 Ice/Tmut       4%         N/A       91%         4


Dungeon Overview and Level Annotations

Branches:
Dungeon (2/15)

Altars:


Innate Abilities, Weirdness & Mutations

You have temporarily grown beastly horns.
Your serpentine skin is tough. (AC +0)
You have supernaturally acute eyesight. (SInv)
Armour fits poorly on your strangely shaped body.
Your system is resistant to poisons. (rPois)
You cover ground very slowly.
You can spit poison.
You have a snake-like lower body.


Message History

Done exploring.
Done exploring.
Done exploring.
Done exploring.
(D) Dungeon
Where to? (? - help)
What level of the Dungeon? (default 1, ? - help)
There is a stone staircase leading down here.
You climb downwards.
Found a jewelled wooden wand.
There is a stone staircase leading up here.
A jelly is nearby!
Casting: Beastly Appendage (safe; 14% risk of failure)
Confirm with . or Enter, or press ? or * to list all spells.
You miscast Beastly Appendage.
You are very lightly contaminated with residual magic.
Nothing appears to happen.
Casting: Beastly Appendage (safe; 14% risk of failure)
Confirm with . or Enter, or press ? or * to list all spells.
You grow a pair of large bovine horns.
Your +0 helmet melds into your body.
Found a stone staircase leading up.
Your transformation is almost over.
The jelly hits you.
You are splashed with acid!
The jelly barely misses you.
You barely miss the jelly. The jelly closely misses you.
You barely miss the jelly. You headbutt the jelly!
The jelly is heavily wounded.
The jelly hits you but does no damage.
You hit the jelly.
Your hands burn!
The jelly is severely wounded.
The jelly hits you but does no damage.
Your leather armour prevents you from hitting the jelly.
The jelly is severely wounded.
The jelly hits you.
You are splashed with acid!
* * * LOW HITPOINT WARNING * * *
Your magical contamination has completely faded away.
You hit the jelly.
Your hands burn!
* * * LOW HITPOINT WARNING * * *
The jelly is almost dead.
The jelly hits you.
You die...

.# .# ..
.# ##.##
#...#
#./.#
#####<..#
#..J@.#.#
#.###.# #
...<
#.### ..#
###


You could see a jelly.

Vanquished Creatures
  2 bats (D:1)
  A giant cockroach (D:1)
  A goblin (D:1)
  A hobgoblin (D:1)
  4 jackals (D:1)
  A quokka (D:1)
  2 ball pythons (D:1)
  4 frilled lizards (D:1)
  4 kobolds (D:1)
  A rat (D:1)
21 creatures vanquished.

Notes
Turn   | Place    | Note
-------+----------+-------------------------------------------
     0 | D:1      | lordive the Naga Transmuter began the quest for the Orb.
     0 | D:1      | Reached XP level 1. HP: 18/18 MP: 3/3
   512 | D:1      | Reached XP level 2. HP: 22/25 MP: 3/5
  1646 | D:2      | HP: 1/25 [acid (2)]
  1646 | D:2      | Slain by a jelly

Illustrated notes

Levels and vault maps discovered:
D:1:      scummos_arrival_simple_crosswalls, layout_basic
D:2:      layout_loops_cross, ebering_ecumenical_altar_ruins,
          uniq_crazy_yiuf_cottage

Action                   || total
-------------------------++-------
Melee: Unarmed           ||    87
       Headbutt          ||     5
       Punch             ||     2
 Cast: Beastly Appendage ||    14
Armor: Robe              ||    11
       Leather armour    ||     7
Dodge: Dodged            ||    46
